 Dungeon Crawl Stone Soup version 0.31.0-11-ge490571c62 (webtiles) character file.

Game seed: 13594883271760819085

298 sanka the Changeling (level 6, -1/70 HPs)
             Began as a Merfolk Shapeshifter on Feb 3, 2024.
             Slain by an ufetubus (2 damage)
             ... on level 5 of the Dungeon.
             The game lasted 00:04:38 (2813 turns).

sanka the Changeling (Merfolk Shapeshifter)         Turns: 2813, Time: 00:04:39

Health: -1/70      AC: 23    Str: 14    XL:     6   Next: 36%
Magic:  6/6        EV:  2    Int:  9    God:
Gold:   85         SH:  0    Dex: 16    Spells: 5/5 levels left

rFire   . .          .
                       - Unarmed
rCold   . . .        (no shield)
rNeg    . . .        a - melded +0 animal skin
rPois   +            (helmet currently unavailable)
rElec   .            (cloak currently unavailable)
rCorr   .            (gloves currently unavailable)
SInv    .            (boots currently unavailable)
Will    .....        (no amulet)
Stlth   +            (no ring)
HPRegen 0.31/turn    (no ring)
MPRegen 0.10/turn

%: no passive effects
@: lethally poisoned (-1 -> -2), tree-form, attractive
A: stationary, stasis, torment immunity, boosted hp, (nimble swimmer 2),
(mertail)
a: no special abilities


You were on level 5 of the Dungeon.
You were a tree.
You visited 1 branch of the dungeon, and saw 5 of its levels.

You collected 85 gold pieces.


Innate Abilities, Weirdness & Mutations

You are a tree.
Your roots penetrate the ground, keeping you stationary.
You cannot be teleported.
You are immune to unholy pain and torment.
Your maximum health is greatly increased.
Your equipment is partially melded.
((You are very nimble when in or above water. (Stealth+, EV+, Speed+++)))
((Your lower body shifts to a powerful aquatic tail in water.))


   Skills:
 - Level 3.0 Fighting
 - Level 2.6 Dodging
 + Level 4.6 Unarmed Combat
 - Level 7.0 Shapeshifting


You had 5 spell levels left.
You didn't know any spells.
Your spell library contained the following spells:

 Spells                   Type           Power      Damage    Failure   Level
 Slow                     Hex            0%         N/A       38%         1
 Confusing Touch          Hex            0%         N/A       77%         3
 Sigil of Binding         Hex            0%         N/A       77%         3
 Vampiric Draining        Necr           0%         2d6       77%         3

Inventory:

Armour
 a - a +0 animal skin (melded)
 m - a +0 pair of gloves
Talismans
 c - a beast talisman
 d - a flux talisman (active)
Scrolls
 e - 3 scrolls of teleportation {unknown}
 h - 3 scrolls of blinking {unknown}
 n - a scroll of vulnerability {unknown}
Potions
 f - a potion of mutation {unknown}
 i - a potion of degeneration {unknown}
 j - a potion of heal wounds {unknown}
 k - a potion of cancellation

Dungeon Overview and Level Annotations

Branches:
Dungeon (5/15)
 Temple: D:4-7

Altars:

Shops:
D:2 =*([

Annotations:
D:4 Sigmund

▒▒ ▒▒..▒
▒▒▒▒....▒▒
▒♣▒....$..
▒S5....▒
▒.5.....▒
▒....▒......
▒..▒▒▒......
.... .....
..... ..▒..
▒...▒▒ ▒▒ ▒
....


You could see an adder and 2 ufetubi.


Message History

The ufetubus hits you but does no damage.
The adder bites you but does no damage.
Unknown command.
Unknown command.
It was a potion of cancellation.
Your magical effects are unravelling.
You feel magically purged.
You feel less wooden.
You turn into something dangerously unstable.
You feel sick. The adder misses you. The adder closely misses you.
Unknown command.
Your transformation has ended.
You turn into a tree.
Your roots penetrate the ground.
You feel sick.
The ufetubus hits you but does no damage.
The ufetubus hits you but does no damage.
The ufetubus hits you.
* * * LOW HITPOINT WARNING * * *
The ufetubus hits you but does no damage.
The adder bites you but does no damage.
Unknown command.
It was a potion of attraction.
You feel attractive to monsters.
* * * LOW HITPOINT WARNING * * *
You feel sick. The ufetubus hits you.
You die...

Action                     |  1- 3 |  4- 6 || total
---------------------------+-------+-------++-------
  Melee: Unarmed           |    67 |   114 ||   181
         Punch             |     3 |       ||     3
    Use: Potion            |       |     7 ||     7
 Armour: Animal skin       |    29 |    11 ||    40
         Skin              |       |    43 ||    43
  Dodge: Dodged            |    30 |    64 ||    94
   Form: Flux              |       |     1 ||     1

Levels and vault maps discovered:
D:1:      dpeg_arrival_stone_temple_mockup, layout_loops_ring
D:2:      layout_loops_ring, hellmonk_ecumenical_altar_arch_garden,
          serial_shops, nicolae_shop_real_fake_doors, shop, shop,
          shop_fountains, roderic_roman_lattice, uniq_terence, uniq_jessica
D:3:      layout_loops_ring
D:4:      layout_basic, mainiacjoe_overflow_surrounded_room, uniq_sigmund
D:5:      layout_cave_pools, vehumet_altar_wand_db

Notes
Turn   | Place    | Note
-------+----------+-------------------------------------------
     0 | D:1      | sanka the Merfolk Shapeshifter began the quest for the Orb.
     0 | D:1      | Reached XP level 1. HP: 15/15 MP: 1/1
   127 | D:1      | Reached XP level 2. HP: 17/21 MP: 2/2
   215 | D:1      | Reached skill level 5 in Shapeshifting
   664 | D:1      | Reached XP level 3. HP: 23/26 MP: 3/3
   905 | D:2      | Found Jodyqu's Weapon Emporium.
   914 | D:2      | Found Iblotous's General Store.
  1077 | D:2      | Found a faded altar of an unknown god.
  1077 | D:2      | Noticed Jessica
  1084 | D:2      | Killed Jessica
  1085 | D:2      | Reached skill level 6 in Shapeshifting
  1085 | D:2      | Reached XP level 4. HP: 32/32 MP: 4/4
  1351 | D:2      | Found Caeg Puevuh's Armour Shoppe.
  1390 | D:2      | Noticed Terence
  1397 | D:2      | Killed Terence
  1482 | D:2      | Identified the +1 leather armour "Mufoh" {Int+7 Dex-5}
  1506 | D:2      | Found Yboklothese's Jewellery Shop.
  1865 | D:3      | Reached XP level 5. HP: 35/37 MP: 5/5
  1870 | D:3      | Reached skill level 7 in Shapeshifting
  2002 | D:3      | Reached skill level 2 in Fighting
  2152 | D:3      | Reached skill level 4 in Unarmed Combat
  2152 | D:3      | Reached XP level 6. HP: 14/46 MP: 6/6
  2159 | D:3      | HP: 4/46 [poisoned by a scorpion]
  2766 | D:4      | Reached skill level 3 in Fighting
  2795 | D:4      | Noticed Sigmund
  2805 | D:5      | Entered Level 5 of the Dungeon
  2810 | D:5      | HP: 7/70 [poisoned by an adder]
  2812 | D:5      | HP: 2/70 [ufetubus (3)]
  2813 | D:5      | Slain by an ufetubus

Vanquished Creatures
  A scorpion (D:3)
  A bombardier beetle (D:4)
  An orc priest (D:3)
  Jessica (D:2)
  An orc wizard (D:3)
  Terence (D:2)
  3 adders (D:3)
  2 dart slugs
  8 orcs (D:3)
  2 bats (D:2)
  5 endoplasms
  6 goblins
  5 hobgoblins
  4 jackals (D:1)
  3 quokkas
  A ball python (D:2)
  A frilled lizard (D:2)
  6 kobolds
  5 rats
57 creatures vanquished.
